 Dungeon Crawl Stone Soup version 0.28-a0-793-g31680bbd8b (webtiles) character file.

Game seed: 15316589997644560011

9483 freelancePsychic the Fighter (level 11, -1/139 HPs)
             Began as a Demonspawn Ice Elementalist on Nov 4, 2021.
             Was a Priest of Ashenzari.
             Succumbed to a death knight's poison
             ... on level 10 of the Dungeon.
             The game lasted 00:22:56 (11137 turns).

freelancePsychic the Fighter (DsIE)                Turns: 11137, Time: 00:22:56

Health: -1/139     AC: 14    Str: 14    XL:     11   Next: 23%
Magic:  15/17      EV: 17    Int: 21    God:    Ashenzari [***...]
Gold:   1105       SH:  0    Dex: 13    Spells: 10/18 levels left

rFire   . . .      SeeInvis +   A - +2 dagger (venom)
rCold   . . .      Faith    .   (no shield)
rNeg    . . .      Spirit   .   a - +0 robe "Ennui of the Soothsayer" {Evo, Elem} (curse)
rPois   .          Reflect  .   (helmet unavailable)
rElec   .          Harm     .   c - +0 cloak of Ashenzari's Chagrin {Cun, Bglg} (curse)
rCorr   .          Rampage  .   l - +2 pair of gloves "Paranoia of the Heavens" {Range, Elem} (curse)
Will    .....      Clarity  +   f - +1 pair of boots of the Cosmic Sage {Fly, Elem, Range} (curse)
Stlth   ..........              (no amulet)
HPRegen 0.33/turn               h - +6 ring of strength
MPRegen 0.15/turn               p - ring of the Profound Adversity {AC+4, Cun, Bglg} (curse)

@: berserking (expiring), lethally poisoned (-1 -> -9), flying, very quick
A: antennae 3, thin metallic scales 1, spiny 2
a: Renounce Religion, Curse Item, Shatter the Chains


You were on level 10 of the Dungeon.
You worshipped Ashenzari.
Ashenzari was most pleased with you.
You visited 1 branch of the dungeon, and saw 10 of its levels.

You collected 1105 gold pieces.

Inventory:

Hand Weapons
 A - a +2 dagger of venom (weapon)
Missiles
 b - a throwing net
Armour
 a - the cursed +0 robe "Ennui of the Soothsayer" (worn) {Evo, Elem}

   It has a curse which improves the following skills: Evocations: Evocations.
   Elements:  Fire Magic, Ice Magic, Air Magic and Earth Magic.
 c - the cursed +0 cloak of Ashenzari's Chagrin (worn) {Cun, Bglg}
   (You found it on level 6 of the Dungeon)

   It has a curse which improves the following skills: Cunning: Dodging and
   Stealth.
   Beguiling: Conjurations, Hexes and Translocations.
 f - the cursed +1 pair of boots of the Cosmic Sage (worn) {Fly, Elem, Range}
   (You acquired it on level 5 of the Dungeon)

   It has a curse which improves the following skills: Elements: Fire Magic, Ice
   Magic, Air Magic and Earth Magic.
   Ranged Combat: Slings, Bows, Crossbows and Throwing.
 l - the cursed +2 pair of gloves "Paranoia of the Heavens" (worn) {Range, Elem}
   (You found it on level 2 of the Dungeon)

   It has a curse which improves the following skills: Ranged Combat: Slings,
   Bows, Crossbows and Throwing.
   Elements:  Fire Magic, Ice Magic, Air Magic and Earth Magic.
 D - +0 acid dragon scales
Magical Staves
 n - a staff of earth
Jewellery
 h - a +6 ring of strength (left hand)
 p - the cursed ring of the Profound Adversity (right hand) {AC+4, Cun, Bglg}
   (You found it on level 5 of the Dungeon)

   [ring of protection]

   AC:        It affects your AC (+4).
   It has a curse which improves the following skills: Cunning: Dodging and
   Stealth.
   Beguiling: Conjurations, Hexes and Translocations.
Wands
 e - a wand of acid (9)
 r - a wand of iceblast (20)
 s - a wand of flame (34)
 y - a wand of polymorph (9)
Scrolls
 i - 7 scrolls of teleportation {@r4}
 k - a scroll of immolation
 o - 2 scrolls of brand weapon
 u - 5 scrolls of amnesia
 v - 2 scrolls of fog
 w - a scroll of vulnerability
 E - a scroll of fear
Potions
 d - 2 potions of magic
 g - 2 potions of resistance
 j - a potion of attraction
 m - 2 potions of berserk rage
 q - a potion of cancellation
 t - a potion of haste {@q3}
 x - 2 potions of degeneration
 z - a potion of mutation
 B - a potion of curing {@q1}
 C - a potion of might


   Skills:
 + Level 11.4 Fighting
 + Level 2.6 Short Blades
 - Level 8.1(11.1) Dodging
 - Level 1.7(3.8) Stealth
 - Level 4.0 Spellcasting
 - Level 7.5(10.5) Conjurations
 + Level 1.2(3.0) Hexes
 - Level 5.5(9.4) Ice Magic


You had 10 spell levels left.
You knew the following spells:

 Your Spells              Type           Power      Damage    Failure   Level
a - Freeze                Ice            100%       1d11      1%          1
b - Frozen Ramparts       Ice            86%        1d10      1%          3
c - Hailstorm             Conj/Ice       46%        3d11      1%          4

Your spell library contained the following spells:

 Spells                   Type           Power      Damage    Failure   Level
 Ozocubu's Armour         Ice            43%        N/A       1%          3
 Tukima's Dance           Hex            17%        N/A       11%         3
 Passage of Golubria      Tloc           5%         N/A       71%         4
 Yara's Violent Unravell  Hex/Tmut       5%         3d4       87%         5


Dungeon Overview and Level Annotations

Branches:
Dungeon (10/15)            Temple (0/1) D:7
   Lair: D:8-11         Orc: D:9-12

Altars:
Ashenzari
Dithmenos
Hepliaklqana
Kikubaaqudgha
Yredelemnul
Zin
Beogh

Annotations:
D:2 1 runed translucent door, Crazy Yiuf
D:4 Eustachio, Menkaure
D:7 exclusion: ugly thing
D:10 exclusion: skeletal warrior


Innate Abilities, Weirdness & Mutations

You have a pair of large antennae on your head. (SInv)
You are partially covered in thin metallic scales. (AC +2)
You are mostly covered in sharp spines.


Message History

The death knight is severely wounded.
The death knight reflects your damage back at you!
* * * LOW HITPOINT WARNING * * *
You barely miss the death knight.
The death knight is severely wounded.
The wall freezes the death knight!
The death knight misses you.
The death knight reflects your damage back at you!
* * * LOW HITPOINT WARNING * * *
You hit the death knight but do no damage.
The death knight is severely wounded.
The wall freezes the death knight!
The death knight hits you with a +4 broad axe of venom!
* * * LOW HITPOINT WARNING * * *
You are poisoned.
The death knight reflects your damage back at you!
* * * LOW HITPOINT WARNING * * *
You hit the death knight but do no damage.
The death knight is poisoned.
The death knight is almost dead.
You feel sick.
The death knight reflects your damage back at you!
* * * LOW HITPOINT WARNING * * *
You hit the death knight.
The death knight is almost dead.
The death knight reflects your damage back at you!
* * * LOW HITPOINT WARNING * * *
x2 You feel sick.
The wall freezes the death knight.
The death knight is struck by your spines.
You kill the death knight!
Your damage is reflected back at you!
* * * LOW HITPOINT WARNING * * *
Your base Hexes skill increases to level 1!
You are too berserk!
The frozen ramparts melt away as you move.
* * * LOW HITPOINT WARNING * * *
You feel sick.
Things that are here:
a +4 broad axe of venom; a +1 chain mail of poison resistance; a human corpse You feel a strong urge to attack something.
You die...

, , .............#
......p..........#####
....................#
,..W.................#
, {...##+#+#####.....#
....# , #.....# * #...#
, ,,,#.....# ,#...# ,,
,, #)<...# #+#...# ,,
#@....# #.....#, , ,
#.....# #.....# , >
#.....# #.....# ,,
,#.....## #.....# , ,
#......# #.....# ,
#......#
#.....##########......#
......................#
......................#


There were no monsters in sight!

Vanquished Creatures
  A hydra (D:10)
  A death knight (D:10)
  A two-headed ogre (D:9)
  Pikel (D:4)
  2 kobold demonologists
  A komodo dragon (D:7)
  2 trolls (D:9)
  A freezing wraith (D:10)
  A hornet (D:9)
  2 wraiths (D:9)
  A wyvern (D:10)
  5 yaks (D:9)
  A steam dragon (D:9)
  Grum (D:8)
  An acid dragon (D:9)
  A water moccasin (D:6)
  7 orc warriors
  A sky beast (D:7)
  A necrophage (D:8)
  3 ogres (D:5)
  An ice beast (D:8)
  2 wolves (D:8)
  3 centaurs (D:9)
  2 lemures (D:4)
  A phantom (D:7)
  2 bullfrogs
  5 kobold brigands
  A scorpion (D:5)
  A wyvern zombie (D:8)
  A gnoll sergeant (D:7)
  5 killer bees
  5 wights
  A howler monkey (D:10)
  A bullfrog zombie (D:5)
  5 centaur zombies
  2 gnoll shamans
  2 hounds
  3 orc priests
  2 jellies
  A bullfrog skeleton (D:7)
  2 centaur skeletons
  9 orc wizards
  Natasha (twice) (D:2)
  4 iguanas
  2 killer bee zombies
  A hound skeleton (D:5)
  Robin (D:3)
  12 gnolls
  4 adders
  An ufetubus (D:5)
  An adder skeleton (D:2)
  A worm (D:2)
  3 dart slugs
  35 orcs
  9 endoplasms
  A giant cockroach (D:3)
  11 hobgoblins
  4 jackals (D:1)
  3 quokkas
  8 ball pythons
  5 bats
  4 frilled lizards
  13 goblins
  17 kobolds
  6 rats
240 creatures vanquished.

Notes
Turn   | Place    | Note
-------+----------+-------------------------------------------
     0 | D:1      | freelancePsychic the Demonspawn Ice Elementalist began the
                  | quest for the Orb.
     0 | D:1      | Reached XP level 1. HP: 13/13 MP: 3/3
   217 | D:1      | Gained mutation: You are partially covered in sharp spines.
                  | [demonic ancestry]
   217 | D:1      | Reached XP level 2. HP: 18/20 MP: 3/5
   298 | D:1      | Reached skill level 1 in Fighting
   936 | D:2      | Gained mutation: You have a pair of small antennae on your
                  | head. [demonic ancestry]
   936 | D:2      | Reached XP level 3. HP: 26/26 MP: 6/6
   959 | D:2      | Learned a level 3 spell: Frozen Ramparts
   985 | D:2      | Noticed Natasha
   997 | D:2      | Killed Natasha
  1099 | D:2      | Gained mutation: You are partially covered in thin metallic
                  | scales. (AC +2) [demonic ancestry]
  1099 | D:2      | Reached XP level 4. HP: 26/33 MP: 7/7
  1206 | D:2      | Identified a scroll of acquirement
  1206 | D:2      | Acquired 738 gold pieces
  1299 | D:2      | Reached skill level 2 in Fighting
  1391 | D:2      | Found a runed translucent door.
  1392 | D:2      | Noticed Crazy Yiuf
  1460 | D:2      | Noticed Natasha
  1468 | D:2      | Killed Natasha
  1469 | D:2      | Reached skill level 5 in Ice Magic
  1726 | D:3      | Noticed Robin
  1735 | D:3      | Killed Robin
  1736 | D:3      | Gained mutation: You are mostly covered in sharp spines.
                  | [demonic ancestry]
  1736 | D:3      | Reached XP level 5. HP: 35/39 MP: 4/8
  2323 | D:3      | Found a basalt altar of Yredelemnul.
  2323 | D:3      | Found a broken altar of Ashenzari.
  2449 | D:3      | Became a worshipper of Ashenzari the Shackled
  2512 | D:4      | Reached skill level 3 in Fighting
  2733 | D:4      | Noticed Eustachio
  2874 | D:4      | Noticed a lemure
  2875 | D:4      | Noticed Pikel
  2875 | D:4      | Noticed a lemure
  2885 | D:4      | Noticed a lemure
  2886 | D:4      | Killed a lemure
  2887 | D:4      | Noticed a lemure
  2892 | D:4      | Killed a lemure
  2892 | D:4      | Killed Pikel
  2893 | D:4      | Reached skill level 4 in Fighting
  2893 | D:4      | Gained mutation: You have a pair of antennae on your head.
                  | [demonic ancestry]
  2893 | D:4      | Reached XP level 6. HP: 46/49 MP: 6/11
  2893 | D:4      | Reached XP level 7. HP: 51/55 MP: 6/12
  2965 | D:4      | Found a hazy altar of Hepliaklqana.
  3075 | D:4      | Noticed Menkaure
  3185 | D:5      | Entered Level 5 of the Dungeon
  3457 | D:5      | Found a runed translucent door.
  3522 | D:5      | Reached skill level 5 in Fighting
  3522 | D:5      | Reached skill level 1 in Conjurations
  3526 | D:5      | Reached XP level 8. HP: 39/62 MP: 8/14
  3735 | D:5      | Acquired a +0 pair of boots of flying
  4250 | D:5      | Reached skill level 5 in Dodging
  4417 | D:5      | Reached skill level 6 in Fighting
  4972 | D:6      | Found an ancient bone altar of Kikubaaqudgha.
  5175 | D:6      | Found a shadowy altar of Dithmenos.
  5239 | D:6      | Reached * piety under Ashenzari
  5577 | D:6      | Learned a level 4 spell: Hailstorm
  5624 | D:7      | Found a staircase to the Ecumenical Temple.
  5735 | D:7      | Reached XP level 9. HP: 69/71 MP: 11/15
  5845 | D:7      | Reached skill level 7 in Fighting
  5863 | D:7      | Reached skill level 5 in Conjurations
  6134 | D:7      | Reached ** piety under Ashenzari
  6343 | D:7      | Noticed a purple ugly thing
  6524 | D:7      | Noticed a komodo dragon
  6553 | D:7      | Killed a komodo dragon
  6554 | D:7      | Reached skill level 8 in Fighting
  7489 | D:8      | Noticed Grum
  7495 | D:8      | Killed Grum
  7496 | D:8      | Reached skill level 9 in Fighting
  8114 | D:9      | Reached XP level 10. HP: 83/83 MP: 5/16
  8244 | D:9      | Reached *** piety under Ashenzari
  8877 | D:9      | Reached skill level 10 in Fighting
  8928 | D:9      | Noticed a two-headed ogre
  9153 | D:9      | Killed a two-headed ogre
  9364 | D:9      | Reached skill level 11 in Fighting
  9809 | D:10     | Entered Level 10 of the Dungeon
  9809 | D:10     | Noticed a four-headed hydra
  9967 | D:9      | Reached skill level 1 in Short Blades
  9967 | D:9      | Gained mutation: You have a pair of large antennae on your
                  | head. (SInv) [demonic ancestry]
  9967 | D:9      | Reached XP level 11. HP: 81/93 MP: 17/17
 10121 | D:10     | Killed a four-headed hydra
 10250 | D:10     | Noticed a death knight
 10723 | D:10     | Noticed a skeletal warrior
 11135 | D:10     | Killed a death knight
 11135 | D:10     | HP: 1/139 [mirror damage (7)]
 11136 | D:10     | Reached skill level 1 in Hexes
 11137 | D:10     | Succumbed to a death knight's poison

Illustrated notes

Levels and vault maps discovered:
D:1:      dpeg_arrival_rooms_c, layout_loops_ring
D:2:      layout_rooms, uniq_crazy_yiuf_cottage, uniq_natasha
D:3:      layout_rooms, grunt_temple_overflow_open, uniq_robin
D:4:      layout_loops_ring, old_standard_altar, kennysheep_potato,
          uniq_menkaure, uniq_pikel, uniq_eustachio
D:5:      layout_basic, lightli_church_of_beogh
D:6:      layout_rooms, mainiacjoe_overflow_big_doors
D:7:      cheibrodos_two_vegetables, layout_loops_corners,
          minmay_temple_entry_gardened_gates
D:8:      layout_loops_ring, uniq_grum
D:9:      minmay_s_stair_smasher, layout_stronghold, hex_tiny,
          minmay_splitting_lines, minmay_misc_feat_ornament
D:10:     layout_irregular_city, david_lair_shrubbed

Skill      XL: |  1  2  3  4  5  6  7  8  9 10 11 |
---------------+----------------------------------+-----
Ice Magic      | 4 5 |  5.5
Fighting       | 1 2 4 5 6 9 11 | 11.4
Dodging        | 3 4 5 7 8 |  8.1
Spellcasting   | 3 4 |  4.0
Conjurations   | 1 4 7 |  7.5
Short Blades   | 1 2 |  2.6
Hexes          | 1 |  1.2
Stealth        | |  1.7

Action                   |  1- 3 |  4- 6 |  7- 9 | 10-12 || total
-------------------------+-------+-------+-------+-------++-------
Melee: Spear             |    25 |    75 |   117 |       ||   217
       Dagger            |     5 |       |   126 |   135 ||   266
 Cast: Freeze            |    19 |       |       |       ||    19
       Frozen Ramparts   |     1 |     8 |    25 |    10 ||    44
       Hailstorm         |       |       |    13 |    13 ||    26
Invok: Curse Item        |       |       |     4 |     1 ||     5
Evoke: Wand              |       |       |       |     4 ||     4
  Use: Scroll            |       |     4 |     6 |       ||    10
       Potion            |       |     2 |     1 |     2 ||     5
 Stab: Sleeping          |     2 |     6 |     5 |       ||    13
Armor: Robe              |     4 |    18 |    64 |    65 ||   151
Dodge: Dodged            |    19 |    21 |   121 |   142 ||   303

Table legend: (Time is in decaauts)
 A = Elapsed time spent in this place.
 B = Non-inter-level travel time spent in this place.
 C = Inter-level travel time spent in this place.
 D = Time resting spent in this place.
 E = Time spent auto-exploring this place.
 F = Levels seen in this place.
 G = Mean time per level.
                   A        B        C        D        E       F      G
               +--------+--------+--------+--------+--------+-----+--------+
         Total |  11156 |  10868 |    288 |   1328 |   7783 |  10 | 1115.6 |
       Dungeon |  11156 |  10868 |    288 |   1328 |   7783 |  10 | 1115.6 |
               +--------+--------+--------+--------+--------+-----+--------+

Top non-repeatable levels by time:
     D:9: 2241 daAuts
     D:5: 1558 daAuts
     D:8: 1457 daAuts
     D:7: 1335 daAuts
     D:1: 881 daAuts
     D:6: 851 daAuts
     D:2: 846 daAuts
     D:3: 763 daAuts
     D:4: 701 daAuts
    D:10: 518 daAuts
